AoeStats
← JAGR I Makako

Arabia

508543612Analyzed
1v1 RM · 9d ago on Sep 23, 2026· 21m 42s· 2 players
Game mode
Random Map
Map size
Tiny (2 player)
Population
200
Speed
Normal
Resources
Standard
Victory
Conquest
Starting age
Dark Age
Ending age
Imperial Age
RankedLock teamsTeams togetherTeam positionsShared explorationLock speedFull tech treeHidden civsTurbo modeCheats
Victory
Defeat
🇹🇷 Cumans · Türkiye
1282
+16
🇲🇽 Varangians · Mexico
1281
-16
JAGR I Makako
6:54 Loom
9:20 Feudal Age
9:49 Double-Bit Axe
10:19 Horse Collar
15:35 Wheelbarrow
17:17 Fletching
17:53 Padded Archer Armor
arch.tyrael
5:44 Loom
8:58 Feudal Age
12:23 Fletching
14:28 Padded Archer Armor
Connection lost

Rejoining the realm…

Still unreachable

The connection could not be restored.

Session expired

The server has moved on; the page needs a fresh start.